 Dungeon Crawl Stone Soup version 0.19.1-1-g22dce08 (webtiles) character file.

23 ponk the Grave Robber (level 2, -1/19 HPs)
             Began as a Mummy Necromancer on Jan 8, 2017.
             Slain by a jackal (3 damage)
             ... on level 1 of the Dungeon.
             The game lasted 00:04:18 (778 turns).

ponk the Grave Robber (Mummy Necromancer)            Turns: 778, Time: 00:04:19

Health: -1/19      AC:  2    Str: 11    XL:     2   Next: 72%
Magic:  2/5        EV:  9    Int: 14    God:
Gold:   89         SH:  6    Dex: 12    Spells: 2 memorised, 3 levels left

rFire  x . .     SeeInvis .     c - +1 short sword
rCold  + . .     Gourm    .     a - +0 robe
rNeg   + + +     Faith    .     d - +0 shield
rPois  ∞         Spirit   .     (no helmet)
rElec  .         Reflect  .     (no cloak)
rCorr  .         Harm     .     (no gloves)
MR     .....                    (no boots)
Stlth  ++........               (no amulet)
                                (no ring)
                                (no ring)

@: no status effects
A: no food or potions, fire vulnerability, cold resistance 1, negative energy
resistance 3, torment resistance, unbreathing
a: no special abilities


You were on level 1 of the Dungeon.
You were not hungry.

You visited 1 branch of the dungeon, and saw 1 of its levels.

You collected 89 gold pieces.

Inventory:

Hand Weapons
 c - a +1 short sword (weapon)
Armour
 a - a +0 robe (worn)
 d - a +0 shield (worn)
Scrolls
 e - a scroll of magic mapping
 f - a scroll of enchant weapon
Books
 b - a book of Necromancy

   Spells                             Type                      Level
   a - Pain                           Necromancy                   1
   b - Animate Skeleton               Necromancy                   1
   c - Vampiric Draining              Necromancy                   3
   d - Regeneration                   Charms/Necromancy            3
   e - Animate Dead                   Necromancy                   4
   f - Control Undead                 Necromancy                   4


   Skills:
 + Level 1.7 Dodging
 + Level 1.6 Stealth
 + Level 0.2 Unarmed Combat
 + Level 2.0 Spellcasting
 + Level 4.6 Necromancy


You had 3 spell levels left.
You knew the following spells:

 Your Spells              Type           Power        Failure   Level  Hunger
a - Pain                  Necr           ##..         28%         1    N/A
b - Animate Skeleton      Necr           N/A          28%         1    N/A

Dungeon Overview and Level Annotations

Branches:
Dungeon (1/15)

Altars:


Innate Abilities, Weirdness & Mutations

You do not eat or drink.
Your flesh is vulnerable to fire.
You are immune to poison.
Your flesh is cold resistant. (rC+)
You are immune to negative energy. (rN+++)
You are immune to unholy pain and torment.
You can survive without breathing.


Message History

The jackal bites you but does no damage.
The jackal bites you.
You hit the jackal.
You kill the jackal!
The bat barely misses you.
The jackal stops to sniff the ground.
The jackal bites you. You block the rat's attack. The jackal bites you.
The rat bites you. You block the jackal's attack. The rat closely misses you.
You see here a jackal corpse.
You butcher the jackal corpse.
You block the bat's attack. The bat hits you but does no damage.
The jackal bites you.
* * * LOW HITPOINT WARNING * * *
You block the rat's attack. The jackal bites you.
* * * LOW HITPOINT WARNING * * *
You see here a chunk of flesh.
The bat closely misses you.
The rat twitches its whiskers.
The bat hits you but does no damage. The jackal bites you.
You die...

*,* *,* #.###*,###### #.. *,* *,*
#...,,,*#.<.## ### *,* *,*
#..#**,###...## *,*
#.###..###.#>##...# ### *,*
#..........#≈.#...###.. *,*
****#%.#***#≈.##...#### *,*
#.r#####≈≈.#...#### *,*
#bh....#≈≈≈##[..#.. *******,*
#.@....#≈≈≈≈'...'.#
,,,,,,,,*#######.##.##≈≈≈##...###
,********#.......%..##≈≈.#...##
,* #.#####.#####≈.##...# ,*
**.#####.#####≈.#...## ,*
*............#>##...# ,*
***..#########.###...##
,******,,,,,,,* #.##...##
,,,>,,*,*****,* #......#


You could see a jackal, a bat and a rat.

Vanquished Creatures
  A leopard gecko (D:1)
  5 goblins (D:1)
  A hobgoblin (D:1)
  6 jackals (D:1)
  A frilled lizard (D:1)
  5 rats (D:1)
19 creatures vanquished.

Vanquished Creatures (collateral kills)
  A bat (D:1)
1 creature vanquished.

Grand Total: 20 creatures vanquished

Notes
Turn   | Place    | Note
-------+----------+-------------------------------------------
     0 | D:1      | ponk the Mummy Necromancer began the quest for the Orb.
     0 | D:1      | Reached XP level 1. HP: 13/13 MP: 3/3
    75 | D:1      | Learned a level 1 spell: Animate Skeleton
   343 | D:1      | Reached XP level 2. HP: 18/19 MP: 5/5
   778 | D:1      | Slain by a jackal

Action                   || total
-------------------------++-------
Melee: Unarmed           ||    19
       Short sword       ||    26
 Cast: Pain              ||    17
       Animate Skeleton  ||     2
  Use: Scroll            ||     3
Armor: Robe              ||    15
Dodge: Dodged            ||    63
Block: Shield            ||    18
